 Dungeon Crawl Stone Soup version 0.29.0-4-gdea44cf6ec (webtiles) character file.

Game seed: 14841934754329401963

96 qw the Chopper (level 4, -1/26 HPs)
             Began as a Tengu Warper on Aug 28, 2022.
             Slain by Natasha (5 damage)
             ... on level 2 of the Dungeon.
             The game lasted 00:00:10 (2346 turns).

qw the Chopper (Tengu Warper)                       Turns: 2346, Time: 00:00:11

Health: -1/26      AC:  5    Str: 13    XL:     4   Next: 67%
Magic:  8/8        EV: 11    Int: 13    God:
Gold:   69         SH:  0    Dex: 14    Spells: 7/7 levels left

rFire   . . .      SeeInvis .   Y - +0 hand axe
rCold   . . .      Faith    .   (no shield)
rNeg    . . .      Spirit   .   c - +0 ring mail
rPois   .          Reflect  .   (helmet restricted)
rElec   .          Harm     .   (no cloak)
rCorr   .          Rampage  .   (no gloves)
Will    .....                   (boots unavailable)
Stlth   +.........              (no amulet)
HPRegen 0.08/turn               (no ring)
MPRegen 0.11/turn               (no ring)

@: no status effects
A: beak, talons 3
a: no special abilities


You were on level 2 of the Dungeon.
You visited 1 branch of the dungeon, and saw 2 of its levels.

You collected 69 gold pieces.


Innate Abilities, Weirdness & Mutations

You have a beak for a mouth.
You have claws for feet.


   Skills:
 - Level 2.0 Fighting
 + Level 5.2 Axes
 - Level 1.0 Throwing
 - Level 1.1 Armour
 - Level 2.1 Dodging
 - Level 2.0 Spellcasting
 - Level 2.4 Translocations


You had 7 spell levels left.
You didn't know any spells.
Your spell library contained the following spells:

 Spells                   Type           Power      Damage    Failure   Level
 Blink                    Tloc           14%        N/A       30%         2
 Gell's Gravitas          Tloc           7%         N/A       52%         3
 Lesser Beckoning         Tloc           7%         N/A       52%         3
 Teleport Other           Tloc           7%         N/A       52%         3
 Manifold Assault         Tloc           7%         N/A       99%         5

Inventory:

Hand Weapons
 a - a +0 club
 Y - a +0 hand axe (weapon)
Armour
 c - a +0 ring mail (worn)
Scrolls
 f - a scroll of identify
Potions
 d - 2 potions of resistance

Dungeon Overview and Level Annotations

Branches:
Dungeon (2/15)

Altars:

Shops:
D:1 =

Annotations:
D:2 1 runed translucent door, Crazy Yiuf, Natasha


Message History

2319 ||| Stepping ~*~*~tactically~*~*~ (hiding).
2320 ||| Stepping ~*~*~tactically~*~*~ (hiding).
Natasha howls an incantation.
Natasha shimmers violently.
Natasha mumbles some strange words.
Natasha claws you!
You hit Natasha but do no damage. You punch Natasha.
Natasha is moderately wounded.
Natasha claws you.
You barely miss Natasha. You claw Natasha, but do no damage.
Natasha is moderately wounded.
Natasha drinks a potion.
Natasha flickers and vanishes!
Deactivating autopickup; reactivate with Ctrl-A.
You closely miss something. Your kick misses something.
Something claws you but does no damage.
You barely miss something. Your kick misses something. Something claws you.
You barely miss something. Something claws you but does no damage.
You hit something. You claw something.
You hear some strange, mumbled words.
A magic dart appears from out of thin air!
The magic dart hits you.
You hit something.
Reactivating autopickup.
You feel a bit more experienced.
Your Axes skill increases to level 5!
You start resting.
Natasha, Servant of Life and Death comes into view.
You hit Natasha. Your kick misses Natasha.
Natasha is moderately wounded.
Natasha claws you but does no damage.
You hit Natasha but do no damage. You peck Natasha.
Natasha is heavily wounded.
Natasha casts a spell at you. You resist with some effort.
You closely miss Natasha.
Natasha is moderately wounded.
Natasha claws you.
You die...

#.............%............. ###
#.#...##.#......#.#.#####.## .)#
#.#...##.#......#........... ..#
###...##.#......###.#####.#. ..
#.#...<.....###.........?... +#
#.#.##..##### #..##.....#.#. .7
#.........#####..######.#.#. 77
###....#.#.#......[.....#.#. 7
#...#....@.###.#.#..###.#. 7
#.##.#.#.#h.........#...#. 77
#.##.........#..##..###.#. .77
###....#.#.#...#............ .P7
#..............#..#.#.##.... .##
#......#.#.#..........#...).
..####..............####.........
......%.....#.#.#...# #####.#...
....................# #....#..


You could see Natasha.

Vanquished Creatures
  Natasha (twice) (D:2)
  An adder (D:2)
  A worm (D:2)
  A dart slug (D:1)
  4 ball pythons
  5 endoplasms
  2 giant cockroaches (D:2)
  A hobgoblin (D:1)
  3 quokkas
  3 bats
  3 frilled lizards
  5 goblins
  3 rats
34 creatures vanquished.

Vanquished Creatures (others)
  A withered plant (D:2)
1 creature vanquished.

Grand Total: 35 creatures vanquished

Notes
Turn   | Place    | Note
-------+----------+-------------------------------------------
     0 | D:1      | qw the Tengu Warper began the quest for the Orb.
     0 | D:1      | Reached XP level 1. HP: 12/12 MP: 4/4
     0 | D:1      | 0 ||| qw: Version: 0.1-a-89-g26bdef1
     0 | D:1      | 0 ||| qw: Game counter: 1262
     0 | D:1      | 0 ||| qw: Always use a shield: true
     0 | D:1      | 0 ||| qw: God list: Okawaru
     0 | D:1      | 0 ||| qw: Allow faded altars: false
     0 | D:1      | 0 ||| qw: Do Orc after D:15 true
     0 | D:1      | 0 ||| qw: Do second Lair branch before Depths: true
     0 | D:1      | 0 ||| qw: Lair rune preference: random
     0 | D:1      | 0 ||| qw: Plans: Normal
     0 | D:1      | 0 ||| PLANNING D:1-11
   159 | D:1      | Reached XP level 2. HP: 17/17 MP: 6/6
   191 | D:1      | Reached skill level 3 in Axes
   276 | D:1      | Found Temats's Jewellery Shoppe.
   285 | D:1      | 285 ||| SHOPLISTING +4 ring of protection (360 gold, have
                  | 22).
   285 | D:1      | 285 ||| SHOPLISTING amulet "Goic" {Faith Dex+5 SInv} (617
                  | gold, have 22).
   285 | D:1      | 285 ||| SHOPLISTING ring "Cutiro Durre" {Ice Dex+2} (362
                  | gold, have 22).
   285 | D:1      | 285 ||| SHOPLISTING ring "Muejol" {Will+ AC+4 Str-2 Dex+2}
                  | (486 gold, have 22).
   285 | D:1      | 285 ||| SHOPLISTING ring of fire (250 gold, have 22).
   285 | D:1      | 285 ||| SHOPLISTING ring of resist corrosion (200 gold,
                  | have 22).
   606 | D:1      | 606 ||| Stepping ~*~*~tactically~*~*~ (hiding).
   858 | D:1      | 858 ||| READING scroll labelled WOEX REOJYMAOL.
   859 | D:1      | 859 ||| DROPPING scroll of blinking.
   873 | D:2      | 873 ||| STAIRDANCE
   899 | D:2      | 899 ||| Stepping ~*~*~tactically~*~*~ (stealth).
   934 | D:2      | 934 ||| Stepping ~*~*~tactically~*~*~ (stealth).
   935 | D:2      | 935 ||| Stepping ~*~*~tactically~*~*~ (stealth).
   941 | D:2      | Reached XP level 3. HP: 19/21 MP: 7/7
   992 | D:2      | Found a faded altar of an unknown god.
  1013 | D:2      | 1013 ||| Stepping ~*~*~tactically~*~*~ (stealth).
  1194 | D:2      | Reached skill level 4 in Axes
  1428 | D:2      | HP: 5/21 [poisoned by an adder]
  1431 | D:2      | HP: 2/21 [poisoned by an adder]
  1742 | D:2      | Found a runed translucent door.
  1743 | D:2      | Noticed Crazy Yiuf
  1859 | D:2      | Noticed Natasha
  1865 | D:2      | 1865 ||| FLEEEEING.
  1866 | D:2      | 1866 ||| FLEEEEING.
  1867 | D:2      | 1867 ||| STAIRDANCE
  1942 | D:1      | 1942 ||| UPGRADING to +0 ring mail.
  1952 | D:1      | 1952 ||| DROPPING +0 leather armour.
  1953 | D:1      | 1953 ||| DROPPING scarf of harm.
  1954 | D:1      | 1954 ||| READING scroll labelled DUIKKEP PEWOSY.
  1955 | D:1      | 1955 ||| READING scroll labelled ASENAW HISTEDE.
  1959 | D:1      | 1959 ||| DRINKING 3 green potions.
  1960 | D:1      | 1960 ||| READING 2 scrolls of identify.
  1960 | D:1      | 1960 ||| IDENTIFYING sedimented clear potion
  1961 | D:1      | 1961 ||| DROPPING potion of flight.
  1984 | D:2      | HP: 3/21 [Natasha (4)]
  1985 | D:2      | Killed Natasha
  1986 | D:2      | Reached XP level 4. HP: 4/26 MP: 8/8
  1986 | D:2      | 1986 ||| STAIRDANCE
  2318 | D:2      | Noticed Natasha
  2319 | D:2      | 2319 ||| Stepping ~*~*~tactically~*~*~ (hiding).
  2320 | D:2      | 2320 ||| Stepping ~*~*~tactically~*~*~ (hiding).
  2328 | D:2      | HP: 3/26 [something/magic dart (5)]
  2329 | D:2      | Killed Natasha
  2330 | D:2      | Reached skill level 5 in Axes
  2342 | D:2      | Noticed Natasha
  2346 | D:2      | Slain by Natasha

Levels and vault maps discovered:
D:1:      lightli_iron_boxes, layout_basic, serial_shops, shop
D:2:      layout_basic, ebering_ecumenical_altar_petrified, st_stairs_13,
          uniq_crazy_yiuf_cottage, uniq_natasha

Skill      XL: |  1  2  3  4 |
---------------+-------------+-----
Axes           | 3 4 5 |  5.2
Fighting       | |  2.0
Throwing       | |  1.0
Armour         | |  1.1
Dodging        | |  2.1
Spellcasting   | |  2.0
Translocations | |  2.4

Action                   |  1- 3 |  4- 6 || total
-------------------------+-------+-------++-------
Melee: Hand axe          |    76 |    12 ||    88
       Kick              |    20 |     2 ||    22
       Peck              |     5 |     1 ||     6
       Punch             |       |     1 ||     1
Throw: Boomerang         |     7 |       ||     7
  Use: Scroll            |     4 |       ||     4
       Potion            |     1 |       ||     1
 Stab: Distracted        |     1 |       ||     1
Armor: Leather armour    |    12 |       ||    12
       Ring mail         |     1 |     4 ||     5
Dodge: Dodged            |    31 |       ||    31

Table legend:
 A = Non-vault XP
 B = Vault XP
 C = Vault XP percentage of total XP
 D = Non-vault monster count
 E = Vault monster count
 F = Vault count percentage of total count
                 A         B        C        D         E       F
            +---------+---------+-------+---------+---------+-------
      Total |     101 |      37 |  26.8 |      32 |       2 |   5.9
            +---------+---------+-------+---------+---------+-------
        D:1 |      24 |       0 |   0.0 |      14 |       0 |   0.0
        D:2 |      77 |      37 |  32.5 |      18 |       2 |  10.0
            +---------+---------+-------+---------+---------+-------
